Map: Croisement de Kairos EC

Players

Archimonde

  • Race: Protoss Protoss
  • League: Diamond
  • Spawn Location: 11:00

Sorandom - Winner!

  • Race: Zerg Zerg
  • League: Diamond
  • Spawn Location: 5:00

VOD

Have the link to the VOD?

Description

Time

  • Played on: April 8, 2019, 10:39 a.m.
  • Length: 4:16
Show
View Real Time Build Order
Export as new Build Order

Archimonde Protoss 

Build Orders:  

Get SALT Encoding   

  12  0:01  Probe  
  13  0:13  Probe  
  14  0:27  Probe  
  15  0:29  Pylon  
  15  0:45  Probe  
  15  0:48  Forge  
  16  0:53  Probe  
  17  1:18  Gateway  
  17  1:23  Pylon  
  17  1:27  Pylon  
  17  1:28  Pylon  
  17  1:30  Pylon  
  17  1:44  Photon Cannon  
  17  1:54  Probe  
  18  2:06  Probe  
  19  2:08  Assimilator  
  19  2:14  Photon Cannon  
  19  2:15  Photon Cannon  
  19  2:30  Pylon  
  19  2:35  Cybernetics Core  
  19  2:57  Assimilator  
  19  2:59  Pylon  
  19  3:00  Probe  
  20  3:12  Probe  
  21  3:13  Stalker  
  23  3:24  Probe  
  24  3:33  Probe  
  24  3:37  Photon Cannon  
  24  3:38  Photon Cannon  
  24  3:39  Photon Cannon  
  25  3:41  Probe  
Show
View Real Time Build Order
Export as new Build Order

Sorandom Zerg - Winner!

Build Orders: Hatch First 

Get SALT Encoding   

  12  0:01  Drone  
  13  0:12  Overlord  
  13  0:22  Drone  
  14  0:30  Drone  
  14  0:31  Drone  
  14  0:34  Drone  
  17  0:54  Hatchery  
  17  0:56  Drone  
  17  1:09  Spawning Pool  
  16  1:12  Drone  
  16  1:15  Extractor  
  16  1:55  Queen  
  16  1:58  Zergling x2  
  16  1:59  Zergling x4  
  16  2:00  Spine Crawler  
  20  2:14  Spine Crawler  
  19  2:26  Spine Crawler  
  19  2:28  Spine Crawler  
  18  2:47  Spine Crawler  
  18  2:49  Zergling x4  
  18  2:50  Zergling x4  
  22  3:00  Zergling x4  
  22  3:02  Drone  
  25  3:09  Overlord  
  25  3:21  Overlord  
  25  3:38  Zergling x4  
  26  3:49  Zergling x2  
Tags
 
Add a new tag
Caveats
  • Supply blocks, unpowered buildings, or Contaminate may cause inaccurate times.
  • Supply counts are checked every 10 seconds.